 Dungeon Sprint DCSS version 0.28.0-53-g5a82cb258f (webtiles) character file.

Game seed: 13722401205395489234

7009 Zeld the Warrior (level 10, -4/118 HPs)
             Began as a Minotaur Berserker on June 12, 2022.
             Was a High Priest of Trog.
             Slain by a centaur warrior (10 damage)
             ... in the Dungeon (Sprint I: "Red Sonja").
             The game lasted 00:02:54 (1924 turns).

Zeld the Warrior (Minotaur Berserker)               Turns: 1924, Time: 00:02:56

Health: -4/118     AC:  6    Str: 21 (22) XL:     10   Next: 82%
Magic:  9/9        EV: 13    Int: -3 (0)  God:    Trog [*****.]
Gold:   11         SH:  0    Dex:  7 (8)  Spells: 9/9 levels left

rFire   . . .      SeeInvis .   a - +5 battleaxe (vorpal)
rCold   . . .      Faith    .   (shield currently unavailable)
rNeg    . . .      Spirit   .   d - +1 ring mail {rPois}
rPois   +          Reflect  .   (helmet restricted)
rElec   .          Harm     .   (no cloak)
rCorr   .          Rampage  .   (no gloves)
Will    ++...      NoTele   +   (no boots)
Stlth   ..........              (no amulet)
HPRegen 1.29/turn               (no ring)
MPRegen 0.11/turn               (no ring)

@: berserking, strong-willed, regenerating, slowed, lost intelligence, unable to
read
A: horns 2, retaliatory headbutt, clumsy 1, deformed body, deterioration 2,
dopey 2, frail 3, weak 2, inability to read while threatened
a: Renounce Religion, Berserk, Trog's Hand, Brothers in Arms


You were in the Dungeon.
You worshipped Trog.
Trog was extremely pleased with you.
You visited 1 branch You collected 830 gold pieces.
You spent 819 gold pieces at shops.

Inventory:

Hand Weapons
 a - a +5 vorpal battleaxe (weapon)
Armour
 b - a +0 troll leather armour
 d - a +1 ring mail of poison resistance (worn)
 n - the +5 scale mail "Ihoczor" {Will+ Regen+}
   (You bought it in a shop in the Dungeon)

   Regen:     It increases your rate of health regeneration.
   Will:      It increases your willpower.
Wands
 i - a wand of iceblast (3)
Scrolls
 o - a scroll of magic mapping
Potions
 c - 4 potions of curing
 e - 2 potions of haste
 f - 2 potions of magic
 g - a potion of berserk rage
 j - a potion of brilliance {unknown}
 k - a potion of flight {unknown}
 m - 2 potions of might


   Skills:
 * Level 18.2 Fighting
 * Level 18.2 Axes
 + Level 13.0 Armour
 + Level 12.1 Dodging


You had 9 spell levels left.
You didn't know any spells.
Your spell library was empty.

Dungeon Overview and Level Annotations

Branches:
Dungeon (1/1)

Altars:
Cheibriados
Dithmenos
Elyvilon
Fedhas
Gozag
Hepliaklqana
Kikubaaqudgha
Makhleb
Nemelex Xobeh
Okawaru
Qazlal
Ru
Sif Muna
Trog
Uskayaw
Vehumet
Wu Jian
Xom
Yredelemnul
Zin
The Shining One
Jiyva
Lugonu

Shops:
D [[!:*[[


Innate Abilities, Weirdness & Mutations

You have a pair of horns on your head.
You reflexively headbutt those who attack you in melee.
You are clumsy. (Dex -2)
Armour fits poorly on your strangely shaped body.
Your body often deteriorates upon taking damage.
You are very dopey. (Int -4)
You are extremely frail. (-30% HP)
You are very weak. (Str -4)
You sometimes lose the ability to read scrolls when taking damage.


Message History

The centaur warrior kicks you but does no damage.
The centaur warrior misses you.
The centaur warrior kicks you but does no damage.
The centaur warrior hits you.
* * * LOW HITPOINT WARNING * * *
The centaur warrior kicks you but does no damage.
Unknown command.
You feel much better.
The centaur warrior barely misses you. x2
The centaur warrior closely misses you. The centaur warrior barely misses you.
The centaur warrior hits you! The centaur warrior kicks you.
* * * LOW HITPOINT WARNING * * *
The centaur warrior hits you but does no damage.
The centaur warrior kicks you.
* * * LOW HITPOINT WARNING * * *
The centaur warrior closely misses you. You furiously retaliate!
You headbutt the centaur warrior!
The centaur warrior kicks you but does no damage.
Your skin crawls.
You feel strong-willed. The centaur warrior hits you.
* * * LOW HITPOINT WARNING * * *
The centaur warrior misses you. The centaur warrior hits you.
* * * LOW HITPOINT WARNING * * *
The centaur warrior kicks you but does no damage.
The centaur warrior hits you but does no damage.
The centaur warrior kicks you but does no damage.
The centaur warrior closely misses you. You furiously retaliate!
You headbutt the centaur warrior! The centaur warrior barely misses you.
The centaur warrior hits you!
* * * LOW HITPOINT WARNING * * *
Your body deteriorates!
You feel dopey.
The centaur warrior kicks you but does no damage.
A red film seems to cover your vision as you go berserk!
You feel yourself moving faster!
You feel mighty! The centaur warrior hits you.
* * * LOW HITPOINT WARNING * * *
The centaur warrior closely misses you. The centaur warrior hits you.
* * * LOW HITPOINT WARNING * * *
The centaur warrior kicks you but does no damage.
The centaur warrior hits you!
You die...

#######################
#..)..#..'..#__#.)'...#
').#..').#..'..'.)#)..##+#
#####'#####'#__####...†..#
####..#...#[####§§#####..+
#__####..##.#≈§§§§# '##
#_____##'#_.+≈§§c§+ .°
#_.∩...'..._#≈§≈@c# .○°
#_..__##_.#'##§#### #°..
#_____###'#(#§:§)### ...#
#########)####'###.## ..##
.......'...[.....'[∩#
''''####...##########
.....####.###
......#.#'#.#
#)....#.....#


You could see 2 centaur warriors.

Vanquished Creatures
  Sonja (D)
  A deep troll (D)
  8 shining eyes (D)
  2 kobold demonologists (D)
  4 demonic crawlers (D)
  A slime creature (D)
  Sigmund (D)
  A yak (D)
  5 floating eyes (D)
  An ogre (D)
  A jelly (D)
  Ijyb (D)
27 creatures vanquished.

Vanquished Creatures (collateral kills)
  A gargoyle (D)
1 creature vanquished.

Vanquished Creatures (others)
  2 ballistomycete spores (D)
2 creatures vanquished.

Grand Total: 30 creatures vanquished

Notes
Turn   | Place    | Note
-------+----------+-------------------------------------------
     0 | D        | Zeld the Minotaur Berserker began the quest for the Orb.
     0 | D        | Reached XP level 1. HP: 19/19 MP: 0/0
     1 | D        | Noticed Ijyb
    12 | D        | Killed Ijyb
    13 | D        | Reached skill level 5 in Fighting
    13 | D        | Reached skill level 5 in Axes
    13 | D        | Reached XP level 2. HP: 21/29 MP: 1/1
   220 | D        | Noticed an ogre
   223 | D        | Killed an ogre
   224 | D        | Reached skill level 5 in Armour
   224 | D        | Reached XP level 3. HP: 39/39 MP: 2/2
   224 | D        | Reached XP level 4. HP: 47/47 MP: 3/3
   425 | D        | Noticed Sigmund
   432 | D        | Killed Sigmund
   432 | D        | Reached ** piety under Trog
   433 | D        | Reached skill level 5 in Dodging
   433 | D        | Reached XP level 5. HP: 57/57 MP: 4/4
   433 | D        | Reached XP level 6. HP: 64/64 MP: 5/5
   687 | D        | Found a burning altar of Makhleb.
   687 | D        | Found a viscous altar of Jiyva.
   687 | D        | Found a shimmering altar of Xom.
   687 | D        | Found a corrupted altar of Lugonu.
   687 | D        | Noticed a slime creature
   694 | D        | Killed a slime creature
   695 | D        | Reached skill level 10 in Fighting
   695 | D        | Reached skill level 10 in Axes
   829 | D        | Noticed a kobold demonologist
   829 | D        | Noticed a floating eye
   829 | D        | Noticed a kobold demonologist
   830 | D        | Paralysed by a floating eye for 2 turns
   833 | D        | Killed a floating eye
   834 | D        | Reached XP level 7. HP: 74/74 MP: 6/6
   837 | D        | Killed a kobold demonologist
   838 | D        | Noticed a neqoxec
   846 | D        | Killed a kobold demonologist
   846 | D        | Reached *** piety under Trog
   847 | D        | Reached XP level 8. HP: 85/85 MP: 7/7
   924 | D        | Found an ornate altar of the Wu Jian Council.
   924 | D        | Found a shimmering blue altar of Sif Muna.
   926 | D        | Found a radiant altar of Vehumet.
  1014 | D        | Found Veysku's Book Emporium.
  1014 | D        | Found an ancient bone altar of Kikubaaqudgha.
  1014 | D        | Found a hazy altar of Hepliaklqana.
  1014 | D        | Found a stormy altar of Qazlal.
  1014 | D        | Found a hide-covered altar of Uskayaw.
  1014 | D        | Found a blossoming altar of Fedhas.
  1014 | D        | Found a bloodstained altar of Trog.
  1014 | D        | Found an iron altar of Okawaru.
  1014 | D        | Found a basalt altar of Yredelemnul.
  1014 | D        | Found a glowing golden altar of the Shining One.
  1014 | D        | Found a snail-covered altar of Cheibriados.
  1014 | D        | Found a sacrificial altar of Ru.
  1014 | D        | Found a glowing silver altar of Zin.
  1014 | D        | Found a shadowy altar of Dithmenos.
  1014 | D        | Found a white marble altar of Elyvilon.
  1024 | D        | Found an opulent altar of Gozag.
  1026 | D        | Found a sparkling altar of Nemelex Xobeh.
  1075 | D        | Noticed Sonja
  1078 | D        | Killed Sonja
  1078 | D        | Reached **** piety under Trog
  1079 | D        | Reached skill level 10 in Armour
  1297 | D        | Noticed a deep troll
  1305 | D        | Killed a deep troll
  1306 | D        | Reached XP level 9. HP: 76/96 MP: 8/8
  1440 | D        | Found Fuleses's Armour Emporium.
  1475 | D        | Found Wolidaa's Armour Boutique.
  1511 | D        | Noticed a demonic crawler
  1511 | D        | Noticed a demonic crawler
  1511 | D        | Noticed a demonic crawler
  1511 | D        | Noticed a demonic crawler
  1519 | D        | Killed a demonic crawler
  1519 | D        | Noticed a gargoyle
  1520 | D        | Reached skill level 15 in Fighting
  1520 | D        | Reached skill level 15 in Axes
  1520 | D        | Killed a demonic crawler
  1521 | D        | Reached skill level 10 in Dodging
  1524 | D        | Killed a demonic crawler
  1531 | D        | Killed a demonic crawler
  1531 | D        | Reached ***** piety under Trog
  1531 | D        | HP: 3/99 [gargoyle/stone arrow (13)]
  1539 | D        | Killed a gargoyle
  1631 | D        | Bought a +1 ring mail of poison resistance for 143 gold
                  | pieces
  1643 | D        | Noticed a shining eye
  1643 | D        | Noticed a shining eye
  1643 | D        | Noticed a shining eye
  1643 | D        | Noticed a shining eye
  1643 | D        | Noticed a shining eye
  1643 | D        | Noticed a shining eye
  1645 | D        | Gained mutation: You are frail. (-10% HP) [a shining eye]
  1648 | D        | Killed a shining eye
  1648 | D        | Gained mutation: You sometimes lose the ability to read
                  | scrolls when taking damage. [a shining eye]
  1648 | D        | Gained mutation: Your spells are a little easier to cast,
                  | but a little less powerful. [a shining eye]
  1648 | D        | Gained mutation: You are dopey. (Int -2) [a shining eye]
  1649 | D        | Reached XP level 10. HP: 97/97 MP: 9/9
  1649 | D        | Paralysed by a floating eye for 2 turns
  1650 | D        | Gained mutation: Armour fits poorly on your strangely
                  | shaped body. [a shining eye]
  1651 | D        | Gained mutation: You are clumsy. (Dex -2) [a shining eye]
  1653 | D        | Gained mutation: You are very frail. (-20% HP) [a shining
                  | eye]
  1655 | D        | Lost intelligence.
  1655 | D        | Gained mutation: You are very dopey. (Int -4) [a shining
                  | eye]
  1657 | D        | Gained mutation: You are weak. (Str -2) [a shining eye]
  1659 | D        | Killed a shining eye
  1659 | D        | Gained mutation: Your body sometimes deteriorates upon
                  | taking damage. [a shining eye]
  1659 | D        | Gained mutation: Your body often deteriorates upon taking
                  | damage. [a shining eye]
  1660 | D        | Gained mutation: Your spells are easier to cast, but less
                  | powerful. [a shining eye]
  1661 | D        | Killed a shining eye
  1662 | D        | Killed a shining eye
  1663 | D        | Killed a shining eye
  1663 | D        | Killed a shining eye
  1664 | D        | Noticed a shining eye
  1664 | D        | Noticed a shining eye
  1665 | D        | Gained mutation: Your magical capacity is low. (-10% MP) [a
                  | shining eye]
  1666 | D        | Received a gift from Trog
  1671 | D        | Gained mutation: You are extremely frail. (-30% HP) [a
                  | shining eye]
  1676 | D        | Gained mutation: You are very weak. (Str -4) [a shining
                  | eye]
  1678 | D        | Killed a shining eye
  1680 | D        | Killed a shining eye
  1694 | D        | Found Onay's General Store.
  1694 | D        | Found Taocetik's Distillery.
  1694 | D        | Found Rucoq's Antique Armour Boutique.
  1695 | D        | Found Rolade's Antique Armour Shoppe.
  1700 | D        | Bought a potion of heal wounds for 70 gold pieces
  1700 | D        | Bought a potion of mutation for 112 gold pieces
  1700 | D        | Bought a potion of might for 56 gold pieces
  1700 | D        | Bought a potion of might for 56 gold pieces
  1707 | D        | Bought a bloodstained scale mail for 207 gold pieces
  1707 | D        | Identified the +5 scale mail "Ihoczor" {Will+ Regen+} (You
                  | bought it in a shop in the Dungeon)
  1709 | D        | Bought a potion of haste for 130 gold pieces
  1709 | D        | Bought a scroll of magic mapping for 45 gold pieces
  1876 | D        | Lost mutation: Your magical capacity is low. (-10% MP)
                  | [potion of mutation]
  1876 | D        | Lost mutation: Your spells are easier to cast, but less
                  | powerful. [potion of mutation]
  1876 | D        | Lost mutation: Your spells are a little easier to cast, but
                  | a little less powerful. [potion of mutation]
  1903 | D        | Noticed a centaur warrior
  1903 | D        | Noticed a centaur warrior
  1924 | D        | Slain by a centaur warrior

Illustrated notes

Levels and vault maps discovered:
D:        dungeon_sprint_1 [red_sonja_temple_1, red_sonja_temple_small_1]

Skill      XL: |  1  2  3  4  5  6  7  8  9 10 |
---------------+-------------------------------+-----
Fighting       | 5 7 9 11 12 14 16 18 | 18.2
Axes           | 5 7 9 11 12 14 16 18 | 18.2
Armour         | 3 5 6 7 9 10 11 13 | 13.0
Dodging        | 3 4 5 7 8 9 10 12 | 12.1

Action                   |  1- 3 |  4- 6 |  7- 9 | 10-12 || total
-------------------------+-------+-------+-------+-------++-------
Melee: Hand axe          |    11 |    12 |    45 |    17 ||    85
       Headbutt          |     1 |     2 |    17 |     6 ||    26
Invok: Berserk           |     2 |     3 |     4 |     1 ||    10
       Trog's Hand       |       |       |     2 |     1 ||     3
       Brothers in Arms  |       |       |     1 |       ||     1
Evoke: Wand              |       |       |     3 |       ||     3
  Use: Scroll            |       |       |     2 |       ||     2
       Potion            |       |       |     1 |     2 ||     3
Armor: Animal skin       |     1 |       |     2 |       ||     3
       Troll leather arm |       |       |     5 |       ||     5
       Ring mail         |       |       |       |    11 ||    11
Dodge: Dodged            |     3 |     2 |    28 |    11 ||    44
